 Dungeon Crawl Stone Soup version 0.29.1-12-g30fa7ad0bf (webtiles) character file.

Game seed: 7927856546358440204

74188 Radix the Thaumaturge (level 15, 0/92 HPs)
             Began as a Gargoyle Earth Elementalist on Dec 15, 2022.
             Was a High Priest of Vehumet.
             Slain by a dire elephant (3 damage)
             ... on level 5 of the Lair of Beasts.
             The game lasted 03:44:31 (17779 turns).

Radix the Thaumaturge (GrEE)                       Turns: 17779, Time: 03:44:31

Health: 0/92       AC: 32    Str: 13      XL:     15   Next: 45%
Magic:  3/30       EV: 11    Int: 22      God:    Vehumet [*****.]
Gold:   1211       SH:  0    Dex:  9 (10) Spells: 11/36 levels left

rFire   + . .      SeeInvis .   J - +11 scimitar "Ydalijuv" {vamp, *Noise Fly rN+++}
rCold   . . .      Faith    .   (no shield)
rNeg    + + +      Spirit   .   U - +3 troll leather armour
rPois   ∞          Reflect  .   x - +2 hat
rElec   +          Harm     .   R - +2 cloak
rCorr   .          Rampage  .   O - +0 pair of gloves
Will    +....                   V - +2 pair of boots
Stlth   +.........              a - amulet of magic regeneration
HPRegen 1.05/turn               i - ring of protection from fire
MPRegen 0.62/turn               F - +4 ring of protection

@: flying, studying 2 skills
A: sickness immunity, AC +11, big wings, negative energy resistance 1,
electricity resistance, torment resistance 1, petrification resistance
a: Renounce Religion


You were on level 5 of the Lair of Beasts.
You worshipped Vehumet.
Vehumet was extremely pleased with you.
You visited 3 branches of the dungeon, and saw 16 of its levels.
You also visited: Sewer and Volcano.

You collected 1211 gold pieces.

Inventory:

Hand Weapons
 c - a +0 mace
 g - a +2 glaive of flaming
 m - a +2 great mace of flaming
 A - a +5 scimitar of holy wrath
 C - a +2 great sword of draining
 J - the +11 scimitar "Ydalijuv" (weapon) {vamp, *Noise Fly rN+++}
   (You found it on level 8 of the Dungeon)

   It occasionally heals its wielder for a portion of the damage dealt when it
   wounds a living foe.
   rN:        It renders you almost immune to negative energy.
   Fly:       It grants you flight.
   *Noise:    It may make noises in combat.
Armour
 d - a +2 pair of gloves of hurling
 l - a +2 plate armour of fire resistance
 x - a +2 hat (worn)
 O - a +0 pair of gloves (worn)
 R - a +2 cloak (worn)
 U - a +3 troll leather armour (worn)
 V - a +2 pair of boots (worn)
 Y - a +1 kite shield
Jewellery
 a - an amulet of magic regeneration (around neck)
 f - a ring of protection from cold
 i - a ring of protection from fire (left hand)
 s - a ring of ice
 F - a +4 ring of protection (right hand)
Wands
 b - a wand of mindburst (5)
 p - a wand of digging (8)
 z - a wand of flame (4)
Scrolls
 k - a scroll of poison
 o - 2 scrolls of teleportation
 q - a scroll of butterflies
 w - 2 scrolls of fear {unknown}
 y - a scroll of magic mapping
 B - 2 scrolls of immolation
 K - a scroll of blinking
 L - 6 scrolls of identify
Potions
 e - 4 potions of brilliance
 h - a potion of mutation
 j - 3 potions of might
 n - 2 potions of haste
 r - 7 potions of curing
 t - 2 potions of invisibility
 u - 5 potions of resistance
 v - 4 potions of cancellation
 T - 5 potions of heal wounds


   Skills:
 - Level 10.3 Fighting
 - Level 6.4 Long Blades
 - Level 4.9 Maces & Flails
 - Level 5.4 Armour
 - Level 1.5 Dodging
 - Level 2.1 Stealth
 - Level 11.0 Spellcasting
 - Level 10.7 Conjurations
 - Level 10.7 Summonings
 - Level 5.3 Translocations
 - Level 0.7 Transmutations
 + Level 8.0 Fire Magic
 - Level 10.5 Earth Magic


You had 11 spell levels left.
You knew the following spells:

 Your Spells              Type           Power      Damage    Failure   Level
a - Sandblast             Erth           100%       2d20      1%          1
b - Stone Arrow           Conj/Erth      100%       3d13      1%          3
c - Gell's Gravitas       Tloc           35%        N/A       2%          3
d - Starburst             Conj/Fire      26%        6d8       6%          6
e - Orb of Destruction    Conj           28%        9d9       17%         7
f - Summon Mana Viper     Hex/Summ       35%        N/A       21%         5

Your spell library contained the following spells:

 Spells                   Type           Power      Damage    Failure   Level
 Irradiate                Conj/Tmut      18%        3d17      4%          5
 Summon Small Mammal      Summ           100%       N/A       1%          1
 Passwall                 Tmut/Erth      30%        N/A       1%          2
 Scorch                   Fire           94%        2d9       1%          2
 Call Canine Familiar     Summ           56%        N/A       1%          3
 Flame Wave               Conj/Fire      52%        2d13      1%          4
 Lesser Beckoning         Tloc           35%        N/A       2%          3
 Summon Guardian Golem    Hex/Summ       35%        N/A       2%          3
 Teleport Other           Tloc           35%        N/A       2%          3
 Petrify                  Tmut/Erth      36%        N/A       7%          4
 Summon Ice Beast         Ice/Summ       35%        N/A       8%          4
 Summon Cactus Giant      Summ           28%        N/A       12%         6
 Spellforged Servitor     Conj/Summ      28%        N/A       17%         7
 Monstrous Menagerie      Summ           28%        N/A       56%         7


Dungeon Overview and Level Annotations

Branches:
Dungeon (10/15)            Temple (1/1) D:5            Lair (5/5) D:9
 Shoals (0/4) Lair:3        Snake (0/4) Lair:3        Slime (0/5) Lair:4
  Sewer (visited)         Volcano (visited)
    Orc: D:9-12

Altars:
Ashenzari
Cheibriados
Dithmenos
Elyvilon
Fedhas
Gozag
Hepliaklqana
Kikubaaqudgha
Makhleb
Nemelex Xobeh
Okawaru
Qazlal
Sif Muna
Trog
Uskayaw
Vehumet
Wu Jian
Xom
Yredelemnul
Zin
The Shining One
Jiyva


Innate Abilities, Weirdness & Mutations

You are immune to sickness and miasma.
Your stone body is resilient. (AC +11)
You are immune to poison.
Your large and strong wings let you fly.
You resist negative energy. (rN+)
You are resistant to electric shocks. (rElec)
You are resistant to unholy torment.
You are immune to petrification.


Message History

The dire elephant is heavily wounded.
The dire elephant barely misses you. x2; The dire elephant tramples you.
You hold your ground!
The dire elephant trunk-slaps you but does no damage.
Casting: Starburst (dangerous; 6% risk of failure)
Confirm with . or Enter, or press ? or * to list all spells.
Casting: Starburst (dangerous; 6% risk of failure)
Press: ? - help, Dir - look around, f - activate Look: a dire elephant (heavily wounded, soul bound, 100% to hit)
The bolt of fire hits the dire elephant!!
The dire elephant is heavily wounded.
The bolt of fire hits the dire elephant!!
The dire elephant is severely wounded.
The bolt of fire hits the dire elephant!!
The dire elephant is severely wounded.
The dire elephant barely misses you.
The dire elephant trunk-slaps you but does no damage.
The dire elephant tramples you but does no damage.
The dire elephant trunk-slaps you but does no damage.
The dire elephant tramples you!
You hold your ground!
The dire elephant closely misses you.
You hit the dire elephant but do no damage.
The dire elephant is heavily wounded.
The dire elephant's soul is no longer bound.
The dire elephant tramples you!
You hold your ground!
The dire elephant trunk-slaps you but does no damage.
The dire elephant tramples you.
You hold your ground!
The dire elephant trunk-slaps you but does no damage.
The dire elephant tramples you!
You hold your ground!
The dire elephant trunk-slaps you but does no damage.
You hit the dire elephant but do no damage.
The dire elephant is severely wounded.
The dire elephant tramples you!
* * * LOW HITPOINT WARNING * * *
You hold your ground!
The dire elephant barely misses you. The dire elephant closely misses you.
The dire elephant barely misses you. The dire elephant tramples you!!
* * * LOW HITPOINT WARNING * * *
You hold your ground!
The dire elephant trunk-slaps you.
You die...

......#..#.# ~≈≈~~
.#...##..#.## ≈~..
......##.#..# ..#
..P....#.##÷####)##
#P....#..♣#..P#8.8#
##........###.#...###
........P..##.##Z.#.#
...........##.P#YY'.##
......P..P.♣##.#@Y'..##
.....#.P...♣ #.####..P#
.....##...♣# #P...'...#
.....#.#..######..'...##
.....## .♣#...'..8#....#
......# ♣#...#####....#
....### #..P# ##...#
...## #...# ###...#
....# #...# ##.....#


You could see 3 dire elephants and a dire elephant simulacrum.

Vanquished Creatures
  A dire elephant (Lair:5)
  A fire dragon (Volcano)
  4 hydras
  A death yak (Lair:5)
  2 two-headed ogres (D:10)
  A spectral dire elephant (Lair:5)
  Urug (Lair:5)
  The ghost of Anandil the Fighter, a novice MiAM (D:6)
  Nergalle (Lair:1)
  A spectral death yak (Lair:5)
  A spectral anaconda (Lair:5)
  An obsidian statue (Lair:5)
  5 lindwurms
  A necromancer (Lair:5)
  27 elephants
  Maurice (D:10)
  A guardian serpent (Lair:3)
  A molten gargoyle (Volcano)
  3 black mambas (Lair:5)
  12 cane toads
  2 kobold demonologists (D:10)
  5 komodo dragons
  A rime drake (Lair:5)
  3 polar bears
  2 trolls
  A queen bee (Lair:2)
  13 dream sheep
  8 blink frogs
  A spectral elephant (Lair:5)
  A shadow (D:10)
  58 yaks
  A vampire (D:10)
  6 fire bats (Volcano)
  2 wyverns (D:8)
  A wraith (D:9)
  4 basilisks
  A vampire mosquito (D:10)
  4 steam dragons
  2 death yak simulacra (Lair:5)
  A spectral cane toad (Lair:5)
  9 water moccasins
  3 hell hounds (Volcano)
  2 sky beasts
  3 orc warriors
  3 ice beasts
  An ogre (D:4)
  8 black bears
  15 wolves
  4 kobold brigands
  3 phantoms (D:6)
  11 bullfrogs
  3 necrophages
  3 gnoll sergeants
  4 scorpions
  4 wights (D:7)
  3 elephant simulacra (Lair:5)
  32 killer bees
  6 electric eels (D:10)
  4 howler monkeys
  2 jellies (D:4)
  6 lava snakes (Volcano)
  4 hounds
  2 gnoll boudas (D:6)
  2 orc priests (D:8)
  5 orc wizards
  2 hell rats (Lair:1)
  An iguana (D:4)
  9 adders
  14 gnolls
  17 river rats
  2 shadow imps (D:8)
  A white imp (D:8)
  2 ufetubi
  2 worms
  3 dart slugs
  19 orcs
  17 ball pythons
  3 bats
  8 endoplasms
  9 giant cockroaches
  6 goblins
  6 hobgoblins
  3 jackals (D:3)
  3 quokkas
  5 frilled lizards
  28 kobolds
  21 rats
507 creatures vanquished.

Vanquished Creatures (collateral kills)
  A dire elephant (Lair:5)
  4 elephants (Lair:4)
  A black mamba (Lair:5)
  A dire elephant zombie (Lair:5)
  A rime drake (Lair:4)
  A yak (Lair:5)
9 creatures vanquished.

Vanquished Creatures (others)
  78 fungi
  78 plants
  14 withered plants (Lair:5)
170 creatures vanquished.

Grand Total: 686 creatures vanquished

Notes
Turn   | Place    | Note
-------+----------+-------------------------------------------
     0 | D:1      | Radix the Gargoyle Earth Elementalist began the quest for
                  | the Orb.
     0 | D:1      | Reached XP level 1. HP: 10/10 MP: 3/3
   132 | D:1      | Found a faded altar of an unknown god.
   260 | D:1      | Reached XP level 2. HP: 15/15 MP: 3/5
   929 | D:1      | Reached XP level 3. HP: 19/19 MP: 5/7
   954 | D:1      | Reached skill level 3 in Spellcasting
  1621 | D:2      | Learned a level 3 spell: Stone Arrow
  1639 | D:2      | Reached XP level 4. HP: 24/24 MP: 4/9
  1757 | D:2      | Reached skill level 4 in Spellcasting
  1999 | D:3      | Identified the amulet of Tetobuc {Reflect *Slow rPois Will+
                  | SH+5 Stlth+}
  2052 | D:3      | Reached skill level 1 in Conjurations
  2052 | D:3      | Reached XP level 5. HP: 28/28 MP: 8/11
  2064 | D:3      | Found a glowing drain.
  2111 | Sewer    | Entered a sewer
  2484 | Sewer    | Noticed a kobold brigand
  2547 | Sewer    | Killed a kobold brigand
  2548 | Sewer    | Reached XP level 6. HP: 13/32 MP: 4/12
  4055 | D:4      | Reached skill level 5 in Conjurations
  4055 | D:4      | Reached XP level 7. HP: 36/36 MP: 2/14
  4155 | D:4      | Reached skill level 5 in Earth Magic
  4268 | D:4      | Reached skill level 5 in Spellcasting
  4331 | D:4      | Reached skill level 1 in Translocations
  4603 | D:4      | Found an ancient bone altar of Kikubaaqudgha.
  4677 | D:4      | Reached XP level 8. HP: 41/41 MP: 8/15
  4681 | D:4      | Learned a level 3 spell: Gell's Gravitas
  4884 | D:4      | Found a snail-covered altar of Cheibriados.
  4997 | D:5      | Entered Level 5 of the Dungeon
  5117 | D:5      | Found a staircase to the Ecumenical Temple.
  5148 | Temple   | Entered the Ecumenical Temple
  5212 | Temple   | Became a worshipper of Vehumet
  5271 | D:5      | Found an iron altar of Okawaru.
  5276 | D:5      | Found a hide-covered altar of Uskayaw.
  5420 | D:5      | Found a basalt altar of Yredelemnul.
  5433 | D:5      | Reached skill level 5 in Translocations
  5885 | D:6      | Found a transporter.
  5888 | D:6      | Identified the +6 trident of Psychosis {pain, *Noise rElec
                  | Str+10 Dex-5}
  5953 | D:6      | Found a transporter.
  5965 | D:6      | Noticed Anandil's ghost (novice MiAM)
  6090 | D:6      | Reached XP level 9. HP: 45/45 MP: 3/17
  6096 | D:6      | Reached skill level 6 in Spellcasting
  6304 | D:6      | Reached * piety under Vehumet
  6304 | D:6      | Offered knowledge of Freeze by Vehumet.
  6527 | D:6      | Found a glowing golden altar of the Shining One.
  6733 | D:6      | Found a white marble altar of Elyvilon.
  7286 | D:7      | Reached skill level 1 in Fighting
  7286 | D:7      | Reached skill level 1 in Maces & Flails
  7746 | D:8      | Reached XP level 10. HP: 28/56 MP: 1/20
  7755 | D:8      | Reached skill level 5 in Fighting
  7855 | D:8      | Identified the +11 scimitar "Ydalijuv" {vamp, *Noise Fly
                  | rN+++}
  8163 | D:8      | Reached ** piety under Vehumet
  8163 | D:8      | Offered knowledge of Searing Ray by Vehumet.
  8860 | D:8      | Reached skill level 1 in Long Blades
  9432 | D:8      | Reached XP level 11. HP: 66/68 MP: 21/21
  9437 | D:8      | Offered knowledge of Poisonous Vapours by Vehumet.
  9483 | D:9      | Found a staircase to the Lair.
  9521 | D:9      | Reached skill level 5 in Long Blades
  9809 | D:9      | Noticed a lindwurm
  9810 | D:9      | Noticed a lindwurm
  9969 | D:8      | Reached skill level 7 in Spellcasting
 10038 | D:9      | Noticed a lindwurm
 10126 | D:9      | Noticed a lindwurm
 10328 | D:10     | Entered Level 10 of the Dungeon
 10376 | D:10     | Reached *** piety under Vehumet
 10381 | D:10     | Noticed Maurice
 10383 | D:10     | Noticed a two-headed ogre
 10384 | D:10     | Noticed a sun demon
 10473 | D:10     | Paralysed by something for 4 turns
 10489 | D:10     | Killed Maurice
 10699 | D:10     | Killed a two-headed ogre
 10904 | D:10     | Reached skill level 1 in Summonings
 11544 | D:10     | Noticed a two-headed ogre
 11547 | D:10     | Killed a two-headed ogre
 11582 | D:10     | Offered knowledge of Dazzling Flash by Vehumet.
 11914 | D:6      | Killed Anandil's ghost
 11915 | D:6      | Reached XP level 12. HP: 43/76 MP: 23/23
 12379 | D:9      | Reached skill level 8 in Spellcasting
 12557 | Lair:1   | Entered Level 1 of the Lair of Beasts
 12568 | Lair:1   | Reached skill level 10 in Fighting
 12577 | Lair:1   | Reached **** piety under Vehumet
 12844 | Lair:1   | Offered knowledge of Frozen Ramparts by Vehumet.
 13027 | Lair:1   | Reached skill level 10 in Earth Magic
 13141 | Lair:1   | Noticed Nergalle
 13144 | Lair:1   | Killed Nergalle
 13145 | Lair:1   | Reached skill level 10 in Conjurations
 13358 | Lair:2   | Reached skill level 9 in Spellcasting
 13424 | Lair:2   | Reached skill level 5 in Summonings
 13631 | Lair:2   | Reached XP level 13. HP: 82/82 MP: 22/26
 13708 | Lair:2   | Reached ***** piety under Vehumet
 13719 | Lair:2   | Offered knowledge of Starburst by Vehumet.
 14122 | Lair:2   | Reached skill level 10 in Spellcasting
 14122 | Lair:2   | Gained mutation: Your large and strong wings let you fly.
                  | [Gargoyle growth]
 14122 | Lair:2   | Reached XP level 14. HP: 88/88 MP: 26/28
 14511 | Lair:2   | Learned a level 6 spell: Starburst
 14611 | Lair:3   | Found a staircase to the Snake Pit.
 14937 | Lair:3   | Found a staircase to the Shoals.
 14952 | Lair:3   | Reached skill level 10 in Summonings
 15067 | Lair:3   | Found a dark tunnel.
 15076 | Volcano  | Entered a volcano
 15103 | Volcano  | Offered knowledge of Iskenderun's Battlesphere by Vehumet.
 15139 | Volcano  | Reached skill level 1 in Fire Magic
 15216 | Volcano  | Found a radiant altar of Vehumet.
 15353 | Lair:3   | Learned a level 7 spell: Orb of Destruction
 15359 | Lair:3   | Learned a level 5 spell: Summon Mana Viper
 15858 | Lair:4   | Found a viscous altar of Jiyva.
 15859 | Lair:4   | Found a staircase to the Slime Pits.
 16110 | Lair:4   | Reached skill level 1 in Armour
 16129 | Lair:4   | Reached skill level 5 in Armour
 16584 | Lair:5   | Entered Level 5 of the Lair of Beasts
 16622 | Lair:5   | Reached XP level 15. HP: 90/92 MP: 11/29
 16643 | Lair:5   | Found a burning altar of Makhleb.
 16841 | Lair:5   | Reached skill level 5 in Fire Magic
 16885 | Lair:5   | Reached skill level 11 in Spellcasting
 17130 | Lair:5   | Noticed Urug
 17145 | Lair:5   | Killed Urug
 17145 | Lair:5   | Offered knowledge of Irradiate by Vehumet.
 17779 | Lair:5   | HP: 3/92 [dire elephant (18)]
 17779 | Lair:5   | Slain by a dire elephant

Illustrated notes

Levels and vault maps discovered:
D:1:      scummos_arrival_star, layout_loops_corners,
          ebering_ecumenical_altar_webs
D:2:      layout_basic, minmay_tetromino_o4
D:3:      layout_rooms, cheibrodos_sewer_entry_drain
D:4:      layout_cave_pools, nicolae_overflow_hidden_temple,
          mainiacjoe_overflow_alcove_4, slow_altar_2
D:5:      layout_rooms, grunt_temple_overflow_open,
          minmay_temple_entry_stoned_glass, chequers_mini_garden
D:6:      layout_rooms, mainiacjoe_overflow_six_doors_small, tso_metal_star,
          gammafunk_ghost_gnarly_gnolls
D:7:      layout_rooms, skrybe_limestone_x, st_stairs_14
D:8:      layout_loops_ring
D:9:      layout_rooms, due_lair_maze_entry_diamond, minmay_lindwurm_lava
D:10:     cheibrodos_two_vegetables, layout_loops_corners, uniq_maurice
Temple:   jpeg_temple_clearing
Lair:1:   layout_long_grid, kennysheep_rathole, uniq_nergalle
Lair:2:   layout_roguey [special_room_bee]
Lair:3:   layout_big_grid, elwin_shoals_entry_rocks,
          minmay_snake_entry_spellcaster, enter_volcano_2, lemuel_fruit_tree
Lair:4:   layout_regular_city, slime_entry_1, gammafunk_lair_bear_cave
Lair:5:   due_jungle_book, layout_cave_pods, basic_altar, uniq_urug

Skill      XL: |  1  2  3  4  5  6  7  8  9 10 11 12 13 14 15 |
---------------+----------------------------------------------+-----
Earth Magic    | 4 5 6 7 9 10 | 10.5
Spellcasting   | 3 4 5 6 7 9 10 11 | 11.0
Conjurations   | 1 4 5 6 7 8 10 | 10.7
Translocations | 3 5 |  5.3
Fighting       | 4 7 9 10 | 10.3
Maces & Flails | 3 4 |  4.9
Long Blades    | 4 5 6 |  6.4
Summonings     | 2 5 7 10 | 10.7
Fire Magic     | 4 8 |  8.0
Armour         | 5 |  5.4
Dodging        | |  1.5
Stealth        | |  2.1
Transmutations | |  0.7

Action                   |  1- 3 |  4- 6 |  7- 9 | 10-12 | 13-15 || total
-------------------------+-------+-------+-------+-------+-------++-------
Melee: Dagger            |       |    29 |    17 |       |       ||    46
       Punch             |       |     1 |       |     6 |     5 ||    12
       Whip              |       |       |    24 |       |       ||    24
       Flail             |       |       |     8 |     1 |       ||     9
       Scimitar          |       |       |       |   324 |   285 ||   609
 Cast: Sandblast         |    48 |   132 |    92 |    36 |    64 ||   372
       Stone Arrow       |       |     3 |    45 |   120 |   163 ||   331
       Gell's Gravitas   |       |       |    19 |    42 |    24 ||    85
       Starburst         |       |       |       |       |    24 ||    24
       Orb of Destructio |       |       |       |       |     6 ||     6
       Summon Mana Viper |       |       |       |       |     5 ||     5
  Use: Scroll            |       |     8 |     8 |     7 |     8 ||    31
       Potion            |       |     2 |     1 |    10 |     1 ||    14
 Stab: Sleeping          |       |       |       |     2 |       ||     2
       Distracted        |       |       |       |     1 |       ||     1
Armor: Robe              |     4 |    32 |    27 |   117 |       ||   180
       Troll leather arm |       |       |       |   281 |   518 ||   799
Dodge: Dodged            |     5 |    50 |    50 |   364 |   397 ||   866
Block: Other             |       |    18 |    18 |    99 |       ||   135
       Reflection        |       |     5 |     2 |       |       ||     7
